 Dungeon Crawl Stone Soup version 0.25-a0-663-gace7076f2c (webtiles) character file.

Game seed: 769974260046319596, levelgen mode: deterministic

244 MisterFreud the Ruffian (level 5, -1/72 HPs)
             Began as a Troll Hunter on Mar 25, 2020.
             Succumbed to a worker ant's poison
             ... on level 4 of the Dungeon.
             The game lasted 00:03:04 (2414 turns).

MisterFreud the Ruffian (Troll Hunter)              Turns: 2414, Time: 00:03:05

Health: -1/72      AC: 22    Str: 21    XL:     5   Next: 83%
Magic:  4/4        EV:  1    Int:  7    God:
Gold:   114        SH:  0    Dex: 10    Spells: 4/4 levels left

rFire    . . .     SeeInvis .   a - +0 short sword
rCold    . . .     Gourm    +   (no shield)
rNeg     + + +     Faith    .   (armour currently unavailable)
rPois    +         Spirit   .   (helmet currently unavailable)
rElec    .         Reflect  .   (cloak currently unavailable)
rCorr    .         Harm     .   (gloves unavailable)
MR       .....     NoTele   +   (boots unavailable)
Stlth    +.........             (no amulet)
HPRegen  0.62/turn              (no ring)
MPRegen  0.09/turn              (no ring)

@: mighty, lethally poisoned (-1 -> -6), tree-form
A: large, unfitting armour, fast metabolism 3, gourmand, regeneration 1
a: no special abilities


You were on level 4 of the Dungeon.
You were not hungry.
You were a tree.
You visited 1 branch of the dungeon, and saw 4 of its levels.

You collected 114 gold pieces.

Inventory:

Hand Weapons
 a - a +0 short sword (weapon)
Missiles
 c - 5 large rocks (quivered)
 d - 2 throwing nets
 g - 4 poisoned darts
 j - 28 stones
Armour
 b - a +0 robe (melded)
Jewellery
 k - an uncursed ring of fire
Scrolls
 e - a scroll of random uselessness {unknown}
 h - a scroll of identify {unknown}
 i - a scroll of blinking {unknown}
 l - 3 scrolls of remove curse {unknown}
 m - 2 scrolls of amnesia {unknown}
 o - a scroll of enchant armour {unknown}
 p - 3 scrolls of teleportation {unknown}
 r - a scroll of fog {unknown}
Potions
 n - a potion of might
Comestibles
 f - 6 rations


   Skills:
 - Level 1.5 Fighting
 - Level 3.6 Throwing
 - Level 1.5 Dodging
 - Level 0.3 Stealth
 + Level 5.7 Unarmed Combat


You had 4 spell levels left.
You didn't know any spells.
Your spell library was empty.

Dungeon Overview and Level Annotations

Branches:
Dungeon (4/15)
 Temple: D:4-7

Altars:
Yredelemnul
The Shining One


Innate Abilities, Weirdness & Mutations

You are too large for most types of armour.
((You have claws for hands.))
Your metabolism is lightning-fast.
You like to eat raw meat.
Your natural rate of healing is unusually fast.
((You are covered in fur. (AC +1)))
((You have extremely tough skin. (AC +3)))


Message History

You feel sick. The worker ant bites you.
* * * LOW HITPOINT WARNING * * *
You are lethally poisoned!
The worker ant poisons you! The worker ant closely misses you.
The worker ant bites you.
* * * LOW HITPOINT WARNING * * *
It was a potion of might.
You feel very mighty all of a sudden.
* * * LOW HITPOINT WARNING * * *
You feel sick. The worker ant completely misses you. The worker ant bites you.
* * * LOW HITPOINT WARNING * * *
The worker ant barely misses you.
It was a potion of lignification.
You turn into a tree.
Your +0 robe melds into your body.
Your roots penetrate the ground.
* * * LOW HITPOINT WARNING * * *
You feel sick.
The worker ant bites you but does no damage. x2
You hit the worker ant.
The worker ant is heavily wounded.
You die...

### ##♣♣## ...##
## ##...P♣#..../
#..#...♣..P.....
.....Paa$.P....#
#.......≈♣..P..#
##....≈≈≈≈≈...#.
#....♣.♣≈≈≈..##
........≈≈♣≈P#
.......♣♣≈≈♣♣#
..[.(P. ≈≈♣
......P .≈♣


You could see 2 worker ants.

Vanquished Creatures
  Sigmund (D:2)
  4 adders (D:2)
  A worm (D:2)
  4 dart slugs (D:2)
  2 leopard geckos (D:2)
  4 bats
  3 giant cockroaches
  8 goblins
  3 hobgoblins
  3 ball pythons
  4 frilled lizards
  4 kobolds
  2 rats (D:1)
43 creatures vanquished.

Notes
Turn   | Place    | Note
-------+----------+-------------------------------------------
     0 | D:1      | MisterFreud the Troll Hunter began the quest for the Orb.
     0 | D:1      | Reached XP level 1. HP: 19/19 MP: 0/0
    91 | D:1      | Reached skill level 1 in Unarmed Combat
   215 | D:1      | Reached XP level 2. HP: 22/27 MP: 1/1
   560 | D:1      | Reached skill level 2 in Unarmed Combat
   835 | D:2      | Reached XP level 3. HP: 19/33 MP: 2/2
   856 | D:2      | Reached skill level 3 in Unarmed Combat
  1127 | D:2      | Reached XP level 4. HP: 41/41 MP: 3/3
  1165 | D:2      | Noticed Sigmund
  1180 | D:2      | HP: 1/41 [something (3)]
  1192 | D:2      | HP: 2/41 [something/magic dart (3)]
  1570 | D:2      | Reached skill level 4 in Unarmed Combat
  1611 | D:2      | Found a basalt altar of Yredelemnul.
  1611 | D:2      | Found a glowing golden altar of the Shining One.
  1625 | D:2      | Killed Sigmund
  1625 | D:2      | Reached skill level 5 in Unarmed Combat
  1625 | D:2      | Reached XP level 5. HP: 45/48 MP: 4/4
  1826 | D:2      | Noticed a profane servitor
  1834 | D:2      | Noticed an angel
  2412 | D:4      | HP: 1/48 [worker ant (2)]
  2414 | D:4      | Succumbed to a worker ant's poison

Levels and vault maps discovered:
D:1:      ncdulo_smallfort, layout_basic
D:2:      layout_loops_ring, grunt_temple_overflow_holy_war,
          minmay_fractal_squares_5, uniq_sigmund
D:3:      layout_basic
D:4:      layout_cave_pools, lemuel_blue_sif_altar, serial_bayou,
          serial_bayou_pond_b, serial_bayou_pond_a, serial_bayou_shore_b,
          serial_bayou_crossing, minmay_cut_off

Skill      XL: |  1  2  3  4 |
---------------+-------------+-----
Unarmed Combat | 1 2 3 5 |  5.7
Fighting       | |  1.5
Throwing       | |  3.6
Dodging        | |  1.5
Stealth        | |  0.3

Action                   |  1- 3 |  4- 6 || total
-------------------------+-------+-------++-------
Melee: Short sword       |   133 |    76 ||   209
       Punch             |       |     4 ||     4
  Use: Potion            |       |     4 ||     4
 Stab: Sleeping          |       |     2 ||     2
  Eat: Chunk             |    14 |     3 ||    17
       Ration            |       |     1 ||     1
Armor: Robe              |    58 |    28 ||    86
       Skin              |       |     2 ||     2
Dodge: Dodged            |    74 |    41 ||   115

Table legend:
 A = Non-vault XP
 B = Vault XP
 C = Vault XP percentage of total XP
 D = Non-vault monster count
 E = Vault monster count
 F = Vault count percentage of total count
                 A         B        C        D         E       F
            +---------+---------+-------+---------+---------+-------
      Total |     104 |     245 |  70.2 |      35 |       8 |  18.6
            +---------+---------+-------+---------+---------+-------
        D:1 |      19 |       0 |   0.0 |      13 |       0 |   0.0
        D:2 |      81 |     245 |  75.2 |      20 |       8 |  28.6
        D:3 |       4 |       0 |   0.0 |       2 |       0 |   0.0
            +---------+---------+-------+---------+---------+-------
